 Dungeon Crawl Stone Soup version 0.30-a0-1016-gfb0d676c02 (webtiles) character file.

Game seed: 8256455699147706959

1233 DeathPants the Ruffian (level 8, 0/63 HPs)
             Began as a Demonspawn Gladiator on Apr 6, 2023.
             Slain by a white imp (4 damage)
             ... on level 7 of the Dungeon.
             The game lasted 00:17:43 (5018 turns).

DeathPants the Ruffian (Demonspawn Gladiator)       Turns: 5018, Time: 00:17:44

Health: 0/63       AC:  8    Str: 16    XL:     8   Next: 24%
Magic:  12/12      EV: 17    Int: 10    God:
Gold:   335        SH:  0    Dex: 15    Spells: 8/13 levels left

rFire   . . .      SeeInvis .      - Unarmed
rCold   . . .      Faith    .    (no shield)
rNeg    . . .      Spirit   .    y - +0 leather armour
rPois   .          Reflect  .    c - +0 helmet
rElec   .          Rampage  .    i - +0 cloak
rCorr   .                        (no gloves)
Will    .....                    (no boots)
Stlth   +                        (no amulet)
HPRegen 0.30/turn                h - +4 ring of slaying
MPRegen 0.13/turn                (no ring)

@: agile
A: claws 2, yellow scales 2, powered by pain 1, demonic magic 1
a: no special abilities


You were on level 7 of the Dungeon.
You visited 1 branch of the dungeon, and saw 8 of its levels.

You collected 335 gold pieces.

Inventory:

Hand Weapons
 b - the +7 dagger of Drought {speed, Str+5}
   (You found it on level 4 of the Dungeon)

   Str:       It affects your strength (+5).
Missiles
 d - 3 throwing nets (quivered)
 e - 10 javelins
 g - 4 boomerangs
 r - 6 poisoned darts
 x - a curare-tipped dart
Armour
 c - a +0 helmet (worn)
 i - a +0 cloak (worn)
 y - a +0 leather armour (worn)
Jewellery
 h - a +4 ring of slaying (left claw)
 u - a ring of ice
Wands
 m - a wand of quicksilver (9)
 q - a wand of flame (58)
Scrolls
 f - 2 scrolls of identify
 j - a scroll of teleportation
 n - 4 scrolls of fear
 p - a scroll of enchant weapon
Potions
 a - a potion of berserk rage
 k - 5 potions of mutation
 o - 2 potions of ambrosia
 s - a potion of curing
 t - 3 potions of haste
 z - a potion of heal wounds


   Skills:
 + Level 5.5 Fighting
 - Level 3.1 Axes
 - Level 1.7 Throwing
 - Level 2.6 Dodging
 + Level 5.7 Unarmed Combat
 + Level 3.1 Spellcasting
 + Level 3.1 Hexes


You had 8 spell levels left.
You knew the following spells:

 Your Spells              Type           Power      Damage    Failure   Level
a - Wereblood             Tmut           1%         N/A       45%         2
b - Confusing Touch       Hex            7%         N/A       28%         3

Your spell library contained the following spells:

 Spells                   Type           Power      Damage    Failure   Level
 Ensorcelled Hibernation  Hex/Ice        8%         N/A       26%         2
 Kiss of Death            Conj/Necr      4%         2d5       34%         1
 Passwall                 Tmut/Erth      0%         N/A       45%         2
 Sublimation of Blood     Necr           1%         N/A       45%         2
 Cause Fear               Hex            3%         N/A       67%         4
 Gell's Gravitas          Tloc           1%         N/A       71%         3
 Swiftness                Air            1%         N/A       71%         3
 Teleport Other           Tloc           1%         N/A       71%         3
 Anguish                  Hex/Necr       2%         N/A       87%         4
 Dispel Undead            Necr           1%         3d6       98%         4
 Dispersal                Tloc           0%         N/A       100%        6
 Enfeeble                 Hex            3%         N/A       100%        7
 Summon Hydra             Summ           0%         N/A       100%        7


Dungeon Overview and Level Annotations

Branches:
Dungeon (8/15)
 Temple: D:4-7         Lair: D:8-11

Altars:
Qazlal

Annotations:
D:3 3 runed translucent doors, Pokonic1's ghost, amateur GrFi


Innate Abilities, Weirdness & Mutations

You have very sharp fingernails.
You are mostly covered in yellow scales. (AC +3)
You sometimes gain a little power by taking damage.
Spells you cast may paralyse adjacent enemies.


Message History

The white imp hits you but does no damage.
The steam dragon bites you but does no damage.
The steam dragon claws you but does no damage.
You claw the steam dragon!
The steam dragon is heavily wounded.
The white imp gestures at you. The puff of frost hits you.
The steam dragon bites you but does no damage.
The steam dragon barely misses you.
You scratch the steam dragon.
The steam dragon is heavily wounded.
The white imp barely misses you. The steam dragon bites you!
* * * LOW HITPOINT WARNING * * *
The steam dragon claws you.
* * * LOW HITPOINT WARNING * * *
You claw the steam dragon!
You kill the steam dragon!
Your Spellcasting skill increases to level 3!
Your Hexes skill increases to level 3!
You barely miss the white imp. The white imp closely misses you.
You barely miss the white imp. The white imp barely misses you.
You claw the white imp!
The white imp is almost dead.
The white imp gestures at you. The puff of frost hits you!
* * * LOW HITPOINT WARNING * * *
You focus on the pain.
You feel agile all of a sudden.
You closely miss the white imp.
The white imp is almost dead.
The white imp barely misses you.
You closely miss the white imp.
The white imp is almost dead.
The white imp closely misses you.
You scratch the white imp.
The white imp is almost dead.
The white imp hits you.
* * * LOW HITPOINT WARNING * * *
The white imp freezes you.
You die...

#.... ###. .....###...
#.....)#..# .....#....#
...5..##.# # #......###### ...
####5........##
....#..@>....###..####
......#...##<####....#
.....#...###.##......#
.........###.##......#
.....................# ....
.....[...................#
...............................#
.............###........######.#
.....##......###........# .#


You could see a white imp.

Vanquished Creatures
  A steam dragon (D:7)
  Duvessa (D:6)
  2 water moccasins (D:5)
  An ice beast (D:5)
  A phantom (D:5)
  A kobold brigand (D:7)
  2 scorpions (D:4)
  Dowan (D:6)
  A jelly (D:4)
  3 hounds
  3 iguanas
  3 gnolls (D:3)
  6 adders
  A worm (D:4)
  6 dart slugs
  13 orcs
  3 bats
  10 endoplasms
  4 giant cockroaches
  4 goblins
  6 hobgoblins
  6 jackals
  13 kobolds
  A quokka (D:5)
  8 ball pythons
  4 frilled lizards
  7 rats
112 creatures vanquished.

Notes
Turn   | Place    | Note
-------+----------+-------------------------------------------
     0 | D:1      | DeathPants the Demonspawn Gladiator began the quest for the
                  | Orb.
     0 | D:1      | Reached XP level 1. HP: 16/16 MP: 1/1
   184 | D:1      | Gained mutation: You have sharp fingernails. [demonic
                  | ancestry]
   184 | D:1      | Reached XP level 2. HP: 18/22 MP: 2/2
   474 | D:1      | Reached skill level 1 in Unarmed Combat
   742 | D:2      | Gained mutation: You are partially covered in yellow
                  | scales. (AC +2) [demonic ancestry]
   742 | D:2      | Reached XP level 3. HP: 28/28 MP: 3/3
  1516 | D:3      | Gained mutation: You are mostly covered in yellow scales.
                  | (AC +3) [demonic ancestry]
  1516 | D:3      | Reached XP level 4. HP: 35/35 MP: 4/4
  1635 | D:3      | Found a faded altar of an unknown god.
  1635 | D:3      | Noticed a great orb of eyes
  1639 | D:3      | Noticed a great orb of eyes
  1726 | D:3      | Noticed a floating eye
  1777 | D:3      | Noticed a great orb of eyes
  2236 | D:3      | Found a runed translucent gate.
  2236 | D:3      | Found a runed translucent gate.
  2237 | D:3      | Found a runed translucent gate.
  2238 | D:3      | Noticed Pokonic1's ghost (amateur GrFi)
  2492 | D:4      | Gained mutation: Spells you cast may paralyse adjacent
                  | enemies. [demonic ancestry]
  2492 | D:4      | Reached XP level 5. HP: 26/41 MP: 5/5
  2803 | D:4      | Gained mutation: You have very sharp fingernails. [demonic
                  | ancestry]
  2803 | D:4      | Reached XP level 6. HP: 44/48 MP: 6/6
  2945 | D:5      | Entered Level 5 of the Dungeon
  2958 | D:4      | Identified the +7 dagger of Drought {speed, Str+5}
  3100 | D:4      | Learned a level 3 spell: Confusing Touch
  3355 | D:5      | Reached skill level 1 in Spellcasting
  3451 | D:5      | Identified the staff of air "Dairavec" {rElec rPois rN+
                  | Will+}
  3489 | D:6      | Learned a level 2 spell: Wereblood
  3601 | D:7      | Reached XP level 7. HP: 46/55 MP: 7/9
  3827 | D:5      | Reached skill level 5 in Unarmed Combat
  3827 | D:5      | Reached skill level 1 in Hexes
  4169 | D:5      | Found a stormy altar of Qazlal.
  4185 | D:5      | Reached skill level 5 in Fighting
  4383 | D:6      | Noticed Duvessa
  4386 | D:6      | Noticed Dowan
  4394 | D:6      | Killed Duvessa
  4395 | D:6      | Gained mutation: You sometimes gain a little power by
                  | taking damage. [demonic ancestry]
  4395 | D:6      | Reached XP level 8. HP: 39/62 MP: 10/12
  4403 | D:6      | Killed Dowan
  5018 | D:7      | Slain by a white imp

Illustrated notes

Levels and vault maps discovered:
D:1:      dpeg_arrival_tiny_d, layout_loops_cross, minmay_pentomino_t2
D:2:      layout_loops_ring
D:3:      layout_loops_corners, gammafunk_ghost_necromancy,
          hellmonk_ecumenical_altar_watching_god, chequers_hall_statues_corner_a
D:4:      layout_basic
D:5:      layout_loops_corners, grunt_qazlal_sundering
D:6:      layout_loops_ring, nrook_pool_corridor, uniq_duvessa
D:7:      layout_rooms, minmay_temple_entry_sparse_star
D:8:      layout_loops_cross, chequers_serial_rivers_micro_a

Skill      XL: |  1  2  3  4  5  6  7  8 |
---------------+-------------------------+-----
Axes           | 3 |  3.1
Unarmed Combat | 1 2 3 4 5 |  5.7
Fighting       | 3 4 5 |  5.5
Spellcasting   | 1 2 3 |  3.1
Hexes          | 2 3 |  3.1
Throwing       | |  1.7
Dodging        | |  2.6

Action                     |  1- 3 |  4- 6 |  7- 9 || total
---------------------------+-------+-------+-------++-------
  Melee: War axe           |    75 |    64 |       ||   139
         Punch             |     3 |     4 |     1 ||     8
         Unarmed           |       |    50 |    76 ||   126
    Use: Scroll            |     2 |     8 |     6 ||    16
   Stab: Sleeping          |     2 |       |       ||     2
 Armour: Leather armour    |    31 |    16 |    17 ||    64
         Scale mail        |       |    30 |    16 ||    46
         Ring mail         |       |     2 |       ||     2
  Dodge: Dodged            |    49 |    67 |    42 ||   158

Table legend: (Time is in decaauts)
 A = Elapsed time spent in this place.
 B = Non-inter-level travel time spent in this place.
 C = Inter-level travel time spent in this place.
 D = Time resting spent in this place.
 E = Time spent auto-exploring this place.
 F = Levels seen in this place.
 G = Mean time per level.
                   A        B        C        D        E       F      G
               +--------+--------+--------+--------+--------+-----+--------+
         Total |   5056 |   4952 |    104 |    294 |   3483 |   8 |  632.0 |
       Dungeon |   5056 |   4952 |    104 |    294 |   3483 |   8 |  632.0 |
               +--------+--------+--------+--------+--------+-----+--------+

Top non-repeatable levels by time:
     D:3: 1162 daAuts
     D:6: 865 daAuts
     D:5: 819 daAuts
     D:4: 762 daAuts
     D:1: 726 daAuts
     D:2: 598 daAuts
     D:7: 120 daAuts
     D:8: 1 daAuts
